 Dungeon Crawl Stone Soup version 0.26-a0-490-gf8362a0c98 (webtiles) character file.

Game seed: 12023100844205111707

2431 KristoblXynda the Covert (level 9, -11/93 HPs)
             Began as a Vampire Gladiator on Aug 4, 2020.
             Killed from afar by Maggie (21 damage)
             ... with a bolt of fire
             ... on level 6 of the Dungeon.
             The game lasted 00:09:55 (5343 turns).

KristoblXynda the Covert (Vampire Gladiator)        Turns: 5343, Time: 00:09:56

Health: -11/93     AC: 10    Str: 15    XL:     9   Next: 24%
Magic:  9/9        EV: 14    Int: 11    God:
Gold:   429        SH:  0    Dex: 16    Spells: 8/8 levels left

rFire    . . .     SeeInvis +   a - +0 long sword
rCold    . . .     Faith    .   (no shield)
rNeg     . . .     Spirit   .   o - +0 ring mail
rPois    .         Reflect  .   x - +2 hat
rElec    .         Harm     .   (no cloak)
rCorr    .                      n - +1 pair of gloves
MR       .....                  b - +0 pair of boots
Stlth    ..........             (no amulet)
HPRegen  0.45/turn              (no ring)
MPRegen  0.11/turn              (no ring)

@: berserking, regenerating quickly, heavily drained, very quick
A: fangs 3, see invisible, unbreathing
a: Exsanguinate


You were on level 6 of the Dungeon.
You visited 1 branch of the dungeon, and saw 6 of its levels.
You also visited: Sewer.

You collected 429 gold pieces.

Inventory:

Hand Weapons
 a - a +0 long sword (weapon)
Missiles
 d - 3 throwing nets (quivered)
Armour
 b - a +0 pair of boots (worn)
 n - a +1 pair of gloves (worn)
 o - a +0 ring mail (worn)
 x - a +2 hat (worn)
Scrolls
 f - a scroll of enchant armour
 i - a scroll of amnesia
 l - 5 scrolls of teleportation
 m - 2 scrolls of immolation
 p - a scroll of remove curse
 w - a scroll of fog
Potions
 e - a potion of haste
 g - a potion of might {unknown}
 h - a potion of ambrosia
 j - a potion of mutation {unknown}
 k - a potion of lignification
 q - 6 potions of curing
 r - a potion of resistance {unknown}
 s - a potion of heal wounds {unknown}
 t - 5 potions of flight


   Skills:
 - Level 2.3(0.5) Fighting
 + Level 6.9(4.7) Long Blades
 - Level 2.1(0.2) Throwing
 + Level 4.8(2.8) Armour
 + Level 7.6(5.5) Dodging
 + Level 9.1(6.9) Stealth


You had 8 spell levels left.
You didn't know any spells.
Your spell library contained the following spells:

 Spells                   Type           Power        Failure   Level
 Animate Skeleton         Necr           #.....       56%         1
 Apportation              Tloc           #.....       56%         1
 Corona                   Hex            #......      56%         1
 Summon Small Mammal      Summ           #...         56%         1


Dungeon Overview and Level Annotations

Branches:
Dungeon (6/15)              Sewer (visited)
 Temple: D:4-7

Altars:

Shops:
D:5 }

Annotations:
D:6 Maggie


Innate Abilities, Weirdness & Mutations

Your natural rate of healing is unusually fast.
You have razor-sharp teeth.
You have supernaturally acute eyesight. (SInv)
You can survive without breathing.


Message History

Maggie is heavily wounded.
Maggie hits you with a +2 scimitar of protection!
* * * LOW HITPOINT WARNING * * *
The gnoll closely misses you. The gnoll hits you but does no damage.
You closely miss Maggie.
Maggie is heavily wounded.
You slash the gnoll! Your bite misses the gnoll.
The gnoll is severely wounded.
Maggie hits you with a +2 scimitar of protection!
* * * LOW HITPOINT WARNING * * *
The gnoll barely misses you.
The gnoll hits you from afar with a +0 halberd!
* * * LOW HITPOINT WARNING * * *
You hit the gnoll.
The gnoll is almost dead.
You hit the gnoll.
You kill the gnoll!
Maggie casts a spell at you. The bolt of fire hits you!!
You die...

#### #..### ###..#.## ###
###.......#######.####
#......#...#)@#).....##
###....##.....@#......###
#.......##.g.#5..(....#
#........#).##.........#
#...#........##..##....#
###...#.........#...##.....
#.....(.............@..##.#
#.......#.)......##..... .
###....................#...


You could see Maggie and a gnoll.

Vanquished Creatures
  Pikel (D:4)
  Grinder (D:6)
  Eustachio (D:5)
  Edmund (D:6)
  A water moccasin (D:5)
  2 sky beasts (D:5)
  A black bear (D:4)
  2 ogres
  A phantom (D:5)
  2 centaurs (D:5)
  Blork the orc (D:4)
  2 howler monkeys
  A centaur zombie (D:5)
  A bullfrog zombie (D:5)
  A hound (D:4)
  A jelly (D:5)
  An orc wizard (D:4)
  2 worker ants (D:5)
  A killer bee zombie (D:5)
  A hound skeleton (D:4)
  5 gnolls
  7 adders
  A river rat (D:3)
  2 shadow imps
  2 white imps (D:5)
  An ufetubus (D:5)
  6 oozes
  An adder skeleton (D:4)
  13 worms
  3 dart slugs
  6 leopard geckos
  4 orcs
  11 giant cockroaches
  7 hobgoblins
  9 jackals
  2 quokkas
  A ball python (D:1)
  18 bats
  4 frilled lizards
  8 goblins
  10 kobolds
  A leopard gecko skeleton (D:5)
  A quokka skeleton (D:5)
  11 rats
159 creatures vanquished.

Vanquished Creatures (others)
  A gnoll (D:6)
1 creature vanquished.

Grand Total: 160 creatures vanquished

Notes
Turn   | Place    | Note
-------+----------+-------------------------------------------
     0 | D:1      | KristoblXynda the Vampire Gladiator began the quest for the
                  | Orb.
     0 | D:1      | Reached XP level 1. HP: 16/16 MP: 1/1
   120 | D:1      | Reached XP level 2. HP: 22/22 MP: 2/2
   414 | D:1      | Reached XP level 3. HP: 25/27 MP: 3/3
  1072 | D:2      | Reached skill level 1 in Stealth
  1072 | D:2      | Reached XP level 4. HP: 34/34 MP: 4/4
  1224 | D:2      | Reached skill level 2 in Stealth
  1297 | D:2      | Reached skill level 1 in Armour
  1493 | D:3      | Reached XP level 5. HP: 25/39 MP: 5/5
  1721 | D:3      | Found a glowing drain.
  1743 | Sewer    | Entered a sewer
  2158 | Sewer    | Reached skill level 3 in Stealth
  2988 | D:4      | Reached XP level 6. HP: 41/45 MP: 6/6
  3056 | D:4      | Reached skill level 4 in Stealth
  3151 | D:4      | Noticed Pikel
  3172 | D:4      | Killed Pikel
  3172 | D:4      | Reached skill level 5 in Long Blades
  3172 | D:4      | Reached skill level 5 in Dodging
  3172 | D:4      | Reached skill level 5 in Stealth
  3172 | D:4      | Reached XP level 7. HP: 33/51 MP: 7/7
  3368 | D:4      | Reached skill level 6 in Stealth
  3505 | D:4      | Noticed Blork the orc
  3513 | D:4      | Killed Blork the orc
  3697 | D:5      | Entered Level 5 of the Dungeon
  3697 | D:5      | Found Oreano's Gadget Shop.
  3741 | D:5      | Reached XP level 8. HP: 26/57 MP: 8/8
  3961 | D:5      | Reached skill level 7 in Stealth
  4314 | D:5      | Noticed Eustachio
  4331 | D:5      | Reached skill level 8 in Stealth
  4378 | D:5      | Killed Eustachio
  4818 | D:6      | Noticed Grinder
  4876 | D:5      | Reached XP level 9. HP: 36/62 MP: 9/9
  5169 | D:6      | Noticed Edmund
  5196 | D:6      | Killed Edmund
  5297 | D:6      | Noticed Maggie
  5300 | D:6      | Paralysed by Grinder for 4 turns
  5311 | D:6      | Paralysed by Grinder for 3 turns
  5314 | D:6      | Killed Grinder
  5314 | D:6      | Reached skill level 9 in Stealth
  5343 | D:6      | Killed from afar by Maggie

Illustrated notes

Levels and vault maps discovered:
D:1:      psy_arrival_basics, layout_basic, st_stairs_13
D:2:      minmay_spotlight, layout_rooms
D:3:      layout_basic, portal_sewer_entry_a
D:4:      layout_basic, uniq_pikel, uniq_blork_the_orc
D:5:      layout_rooms, serial_shops, shop_coins, grunt_ministairs_9,
          grunt_tough_drop, uniq_eustachio
D:6:      layout_cave_pools, uniq_edmund, uniq_maggie, uniq_grinder

Skill      XL: |  1  2  3  4  5  6  7  8  9 |
---------------+----------------------------+-----
Fighting       | 2 |  2.3
Throwing       | 2 |  2.1
Stealth        | 1 2 3 5 6 8 9 |  9.1
Dodging        | 4 5 6 7 |  7.6
Armour         | 1 3 4 |  4.8
Long Blades    | 4 5 6 |  6.9

Action                   |  1- 3 |  4- 6 |  7- 9 || total
-------------------------+-------+-------+-------++-------
Melee: Long sword        |   102 |   218 |   270 ||   590
       Bite              |     8 |    26 |    31 ||    65
  Use: Scroll            |       |    11 |     2 ||    13
       Potion            |       |     2 |     5 ||     7
 Stab: Sleeping          |       |     5 |     3 ||     8
Armor: Leather armour    |    24 |       |       ||    24
       Ring mail         |     8 |    92 |    85 ||   185
       Skin              |       |       |    29 ||    29
Dodge: Dodged            |    83 |   192 |   223 ||   498
       Rpst.: Long sword |    28 |    67 |    63 ||   158

Table legend: (Time is in decaauts)
 A = Elapsed time spent in this place.
 B = Non-inter-level travel time spent in this place.
 C = Inter-level travel time spent in this place.
 D = Time resting spent in this place.
 E = Time spent auto-exploring this place.
 F = Levels seen in this place.
 G = Mean time per level.
                   A        B        C        D        E       F      G
               +--------+--------+--------+--------+--------+-----+--------+
         Total |   5559 |   5400 |    159 |    766 |   2979 |   7 |  794.1 |
       Dungeon |   4963 |   4804 |    159 |    766 |   2643 |   6 |  827.2 |
         Sewer |    595 |    595 |      0 |      0 |    336 |   1 |  595.0 |
               +--------+--------+--------+--------+--------+-----+--------+

Top non-repeatable levels by time:
     D:5: 1397 daAuts
     D:3: 1029 daAuts
     D:1: 865 daAuts
     D:4: 780 daAuts
     D:2: 613 daAuts
   Sewer: 595 daAuts
     D:6: 278 daAuts
